 Dungeon Crawl Stone Soup version 0.25-a0-404-gc1b5a34292 (webtiles) character file.

Game seed: 10045422648422390246, levelgen mode: deterministic

3250 DeadFury222 the Cleaver (level 9, -2/78 HPs)
             Began as a Hill Orc Monk on Jan 10, 2020.
             Was a Believer of Beogh.
             Slain by Erica
             ... wielding a +4 scimitar of flaming
              (5 damage)
             ... on level 8 of the Dungeon.
             The game lasted 00:37:21 (9889 turns).

DeadFury222 the Cleaver (Hill Orc Monk)             Turns: 9889, Time: 00:37:22

Health: -2/78      AC: 15    Str: 17    XL:     9   Next: 99%
Magic:  9/9        EV:  7    Int: 10    God:    Beogh [**....]
Gold:   434        SH: 10    Dex: 13    Spells: 8/8 levels left

rFire    . . .     SeeInvis .   a - +0 hand axe
rCold    . . .     Gourm    .   k - +0 shield
rNeg     . . .     Faith    +   e - +0 chain mail
rPois    .         Spirit   .   j - +0 helmet
rElec    .         Reflect  .   t - +0 cloak
rCorr    .         Harm     .   g - +0 pair of gloves
MR       .....                  (no boots)
Stlth    ..........             u - amulet of faith
HPRegen  0.23/turn              (no ring)
MPRegen  0.11/turn              (no ring)

@: lethally poisoned (-2 -> -23), slowed, very slow
A: no striking features
a: Smiting, Renounce Religion


You were on level 8 of the Dungeon.
You worshipped Beogh.
Beogh was pleased with you.
You were not hungry.

You visited 2 branches of the dungeon, and saw 9 of its levels.

You collected 434 gold pieces.

Inventory:

Hand Weapons
 a - a +0 hand axe (weapon)
 v - the cursed +1 dagger of the Wasp {freeze, rPois Int+4, unknown}
   (You found it on level 8 of the Dungeon)

   It has been specially enchanted to freeze those struck by it, causing extra
   injury to most foes and up to half again as much damage against particularly
   susceptible opponents.
   It can also slow down cold-blooded creatures.
   It affects your intelligence (+4).
   It protects you from poison.
   It has a curse placed upon it.
 z - a +0 mace
Missiles
 l - 312 stones
 q - 2 large rocks (quivered)
Armour
 b - a +0 helmet
 e - a +0 chain mail (worn)
 g - a +0 pair of gloves (worn)
 j - a +0 helmet (worn)
 k - a +0 shield (worn)
 r - a +0 pair of gloves
 t - a +0 cloak (worn)
Jewellery
 u - an amulet of faith (around neck)
Wands
 p - a wand of flame (30)
Scrolls
 h - a scroll of fog
 o - a scroll of noise {unknown}
 x - 3 scrolls of identify
 y - a scroll of remove curse
Potions
 d - a potion of cancellation {unknown}
 f - 2 potions of haste
 i - a potion of heal wounds
 m - a potion of lignification {unknown}
 n - 2 potions of degeneration {unknown}
 s - 2 potions of invisibility {unknown}
 w - 2 potions of flight {unknown}
Comestibles
 c - 6 rations


   Skills:
 + Level 6.6 Fighting
 + Level 10.3 Axes
 * Level 8.6 Armour
 - Level 2.4 Dodging
 - Level 1.5 Stealth
 * Level 7.6 Shields


You had 8 spell levels left.
You didn't know any spells.
Your spell library contained the following spells:

 Spells                   Type           Power        Failure   Level  Hunger
 Corona                   Hex            #......      100%        1    ##.....
 Freeze                   Ice            #...         100%        1    ##.....
 Ensorcelled Hibernation  Hex/Ice        #.....       100%        2    ###....
 Confusing Touch          Hex            #.......     100%        3    ####...
 Dazzling Flash           Conj/Hex       #.....       100%        3    ####...
 Ozocubu's Armour         Chrm/Ice       #.......     100%        3    ####...
 Tukima's Dance           Hex            #.......     100%        3    ####...
 Hailstorm                Conj/Ice       #.......     100%        4    #####..
 Summon Ice Beast         Ice/Summ       #.......     100%        4    #####..
 Chain Lightning          Conj/Air       #.........   100%        8    #######
 Lehudib's Crystal Spear  Conj/Erth      #.........   100%        8    #######
 Fire Storm               Conj/Fire      #.........   100%        9    #######
 Glaciate                 Conj/Ice       #.........   100%        9    #######


Dungeon Overview and Level Annotations

Branches:
Dungeon (8/15)             Temple (1/1) D:7
   Lair: D:8-11

Altars:
Ashenzari
Cheibriados
Dithmenos
Elyvilon
Gozag
Hepliaklqana
Kikubaaqudgha
Makhleb
Nemelex Xobeh
Okawaru
Ru
Sif Muna
Uskayaw
Wu Jian
Yredelemnul
Zin
The Shining One

Shops:
D:4 }   D:6 :

Annotations:
D:8 Erica


Message History

Erica is moderately wounded.
Erica casts a spell at you. The bolt of poison hits you.
You are poisoned.
Erica barely misses you.
You barely miss Erica.
Erica is moderately wounded.
You feel sick. Erica hits you but does no damage.
Erica hits you with a +4 scimitar of flaming.
Erica burns you.
* * * LOW HITPOINT WARNING * * *
Your chain mail prevents you from hitting Erica.
Erica is moderately wounded.
You feel sick. Erica casts a spell at you. The bolt of poison hits you!!
You are more poisoned.
* * * LOW HITPOINT WARNING * * *
Erica hits you with a +4 scimitar of flaming.
You die...

##..## #...#
##.@##+##..+####
##..@..........
####.#......#+
#...(......
###........
####........
#.@.........
#@######.... #.#
... #.# .. #.# #
#.# #.# #.# #.#
#.#


You could see Erica.

Vanquished Creatures
  An ugly thing (D:7)
  Joseph (D:7)
  Prince Ribbit (D:7)
  Eustachio (D:6)
  Menkaure (D:5)
  A water moccasin (D:5)
  2 sky beasts
  2 ogres (D:6)
  A centaur (D:5)
  A bullfrog (D:6)
  A water moccasin skeleton (D:8)
  2 scorpions
  5 wights (D:6)
  A howler monkey (D:4)
  7 crimson imps
  5 hounds
  8 orc wizards
  Crazy Yiuf (D:7)
  2 jellies
  A bullfrog skeleton (D:4)
  An iguana (D:6)
  3 worker ants (D:5)
  A hound skeleton (D:4)
  A howler monkey skeleton (D:4)
  10 adders
  3 shadow imps
  2 oozes
  An adder skeleton (D:5)
  2 worms
  4 leopard geckos
  17 orcs
  2 ball pythons
  5 giant cockroaches
  6 goblins
  6 hobgoblins
  2 jackals (D:5)
  5 kobolds
  A quokka (D:4)
  10 bats
  3 frilled lizards
  2 leopard gecko skeletons
  7 rats
139 creatures vanquished.

Vanquished Creatures (others)
  An orc priest (D:6)
  2 orc wizards (D:6)
  An orc (D:6)
4 creatures vanquished.

Grand Total: 143 creatures vanquished

Notes
Turn   | Place    | Note
-------+----------+-------------------------------------------
     0 | D:1      | DeadFury222 the Hill Orc Monk began the quest for the Orb.
     0 | D:1      | Reached XP level 1. HP: 19/19 MP: 1/1
   300 | D:1      | Reached XP level 2. HP: 17/27 MP: 2/2
   759 | D:2      | Reached skill level 1 in Armour
   832 | D:2      | Reached XP level 3. HP: 18/33 MP: 3/3
  1149 | D:2      | Found a shimmering blue altar of Sif Muna.
  1309 | D:2      | Reached skill level 5 in Axes
  1448 | D:2      | Reached XP level 4. HP: 40/40 MP: 4/4
  2076 | D:3      | Reached XP level 5. HP: 45/47 MP: 5/5
  2215 | D:3      | Found a snail-covered altar of Cheibriados.
  2369 | D:3      | Found a glowing silver altar of Zin.
  3007 | D:4      | Reached skill level 6 in Axes
  3007 | D:4      | Reached XP level 6. HP: 39/53 MP: 6/6
  3024 | D:4      | Found a sparkling altar of Nemelex Xobeh.
  3380 | D:4      | Found a hazy altar of Hepliaklqana.
  3411 | D:4      | Found Suqod's Gadget Shop.
  3484 | D:4      | Got a smoking robe
  3567 | D:4      | Reached skill level 1 in Shields
  3666 | D:4      | Found a glowing golden altar of the Shining One.
  3685 | D:4      | Reached skill level 5 in Armour
  4007 | D:5      | Entered Level 5 of the Dungeon
  4126 | D:5      | Reached XP level 7. HP: 44/60 MP: 7/7
  4260 | D:5      | Noticed Menkaure
  4274 | D:5      | Killed Menkaure
  4274 | D:5      | Reached skill level 5 in Fighting
  4274 | D:5      | Reached skill level 7 in Axes
  4888 | D:5      | Identified the +1 robe of the First Snow {rCorr Str-2
                  | Dex+9} (You found it on level 4 of the Dungeon)
  5340 | D:5      | Reached XP level 8. HP: 53/68 MP: 8/8
  5717 | D:5      | Reached skill level 8 in Axes
  5985 | D:6      | Found a shadowy altar of Dithmenos.
  6228 | D:6      | Noticed Eustachio
  6633 | D:6      | Killed Eustachio
  6842 | D:6      | Became a worshipper of Beogh the Brigand
  6842 | D:6      | Reached * piety under Beogh
  6842 | D:6      | Reached ** piety under Beogh
  6896 | D:6      | Reached skill level 5 in Shields
  7145 | D:6      | Found Qusk's Book Shoppe.
  7196 | D:6      | Reached skill level 9 in Axes
  7196 | D:6      | Reached XP level 9. HP: 37/75 MP: 9/9
  7858 | D:7      | Noticed Prince Ribbit
  7882 | D:7      | Killed Prince Ribbit
  7889 | D:7      | Found a staircase to the Ecumenical Temple.
  8239 | D:7      | Found a shimmering blue altar of Sif Muna.
  8328 | D:7      | Found a burning altar of Makhleb.
  8339 | D:7      | Noticed Joseph
  8367 | D:7      | Killed Joseph
  8853 | D:7      | Found a runed translucent door.
  8854 | D:7      | Noticed Crazy Yiuf
  8865 | D:7      | Killed Crazy Yiuf
  9203 | Temple   | Entered the Ecumenical Temple
  9339 | D:8      | Noticed a green ugly thing
  9437 | D:7      | HP: 2/78 [green ugly thing (7)]
  9438 | D:7      | Killed a green ugly thing
  9438 | D:7      | Reached skill level 10 in Axes
  9815 | D:8      | Got a jewelled dagger
  9866 | D:8      | Noticed Erica
  9889 | D:8      | HP: 3/78 [Erica/bolt of poison (20)]
  9889 | D:8      | Slain by Erica

Levels and vault maps discovered:
D:1:      dpeg_arrival_simpleton_c, layout_basic, corexii_leaking_fountain
D:2:      layout_loops_ring, lemuel_round_altar, first_ration
D:3:      layout_basic, zin_academy, nicolae_overflow_hidden_temple,
          serial_co_window_serial, co_window_paths_b, co_window_corner_a,
          co_window_paths_a, co_window_corner_a, co_window_corner_a,
          co_window_corner_b, co_window_broadway_a, co_window_unsneaky_path_c,
          co_window_unsneaky_path_a, co_window_4corner_b, glass_columns_c,
          glass_columns_b, glass_columns_c, glass_columns_a
D:4:      layout_loops_ring, nemelex_xobeh_ov_fountains_minmay,
          overflow_temple_1_default, serial_shops, shop, hex_medium,
          nicolae_tso_carved_into_rock
D:5:      layout_basic, uniq_menkaure
D:6:      layout_loops_corners, overflow_temple_1_default, serial_shops,
          nicolae_shop_waterfront, uniq_eustachio
D:7:      layout_loops_ring, minmay_temple_entry_hall, serial_rivers,
          chequers_serial_rivers_micro_a, chequers_serial_rivers_micro_a,
          chequers_serial_rivers_room_b, chequers_serial_rivers_micro_e,
          chequers_serial_rivers_small_3, basic_altar, lemuel_blue_sif_altar,
          uniq_joseph, uniq_crazy_yiuf_cottage, uniq_prince_ribbit1
D:8:      layout_basic, grunt_temple_overflow_forces_of_nature,
          gammafunk_temple_overflow_claw, serial_glass, glass_columns_b,
          glass_columns_c, uniq_erica
Temple:   eino_temple_lava

Skill      XL: |  1  2  3  4  5  6  7  8  9 |
---------------+----------------------------+-----
Fighting       | 4 5 6 |  6.6
Armour         | 1 2 3 4 5 6 7 8 |  8.6
Axes           | 5 6 7 9 10 | 10.3
Shields        | 1 2 5 7 |  7.6
Dodging        | |  2.4
Stealth        | |  1.5

Action                   |  1- 3 |  4- 6 |  7- 9 || total
-------------------------+-------+-------+-------++-------
Melee: Hand axe          |   155 |   316 |   664 ||  1135
Throw: Stone             |     3 |       |       ||     3
Invok: Convert to Beogh  |       |       |     1 ||     1
Evoke: Wand              |       |       |     1 ||     1
  Use: Scroll            |       |     7 |     3 ||    10
       Potion            |       |       |     4 ||     4
  Eat: Chunk             |     2 |     9 |    13 ||    24
       Ration            |       |       |     2 ||     2
Armor: Chain mail        |   101 |   205 |   315 ||   621
Dodge: Dodged            |    56 |    73 |   115 ||   244
Block: Shield            |       |    30 |   285 ||   315

Table legend:
 A = Non-vault XP
 B = Vault XP
 C = Vault XP percentage of total XP
 D = Non-vault monster count
 E = Vault monster count
 F = Vault count percentage of total count
                 A         B        C        D         E       F
            +---------+---------+-------+---------+---------+-------
      Total |    3515 |    1129 |  24.3 |     135 |       5 |   3.6
            +---------+---------+-------+---------+---------+-------
        D:1 |      22 |       0 |   0.0 |      10 |       0 |   0.0
        D:2 |      89 |       0 |   0.0 |      29 |       0 |   0.0
        D:3 |     136 |       0 |   0.0 |      17 |       0 |   0.0
        D:4 |     361 |       0 |   0.0 |      19 |       0 |   0.0
        D:5 |     607 |     169 |  21.8 |      20 |       1 |   4.8
        D:6 |    1033 |     197 |  16.0 |      26 |       1 |   3.7
        D:7 |     999 |     763 |  43.3 |      11 |       3 |  21.4
        D:8 |     268 |       0 |   0.0 |       3 |       0 |   0.0
            +---------+---------+-------+---------+---------+-------
